 Dungeon Crawl Stone Soup version 0.22-a0-305-gd21a89c (webtiles) character file.

194 Amnesiac the Cutter (level 5, -1/25 HPs)
             Began as a Spriggan Gladiator on Mar 31, 2018.
             Shot with an arrow by a centaur (14 damage)
             ... on level 5 of the Dungeon.
             The game lasted 00:08:54 (3114 turns).

Amnesiac the Cutter (Spriggan Gladiator)            Turns: 3114, Time: 00:08:55

Health: -1/25      AC:  2    Str: 11    XL:     5   Next: 44%
Magic:  6/6        EV: 20    Int: 10    God:
Gold:   180        SH:  0    Dex: 17    Spells: 4/4 levels left

rFire    . . .     SeeInvis +   a - +0 rapier
rCold    . . .     Gourm    .   (shield restricted)
rNeg     . . .     Faith    .   b - +0 robe
rPois    .         Spirit   .   c - +0 hat
rElec    .         Reflect  .   (no cloak)
rCorr    .         Harm     .   (gloves unavailable)
MR       .....                  (boots unavailable)
Stlth    +++.......             n - amulet of the acrobat
HPRegen  0.08/turn              p - ring of wizardry
MPRegen  0.10/turn              (no ring)

@: very quick
A: very small, unfitting armour, see invisible, herbivore, speed 3, slow
metabolism 2
a: no special abilities


You were on level 5 of the Dungeon.
You were not hungry.

You visited 2 branches of the dungeon, and saw 7 of its levels.

You collected 180 gold pieces.

Inventory:

Hand Weapons
 a - a +0 rapier (weapon)
Missiles
 y - 8 tomahawks (quivered)
Armour
 b - a +0 robe (worn)
 c - a +0 hat (worn)
Jewellery
 n - an amulet of the acrobat (around neck)
 p - a ring of wizardry (left hand)
Scrolls
 j - a scroll of amnesia {!r, unknown}
 k - 4 scrolls of remove curse {!r, unknown}
 m - 4 scrolls of identify {!r, unknown}
 o - 2 scrolls of noise {!r, unknown}
 q - 2 scrolls of enchant weapon {!r, unknown}
 s - a scroll of blinking {!r, unknown}
 u - 3 scrolls of teleportation {!r, unknown}
 v - a scroll of magic mapping {!r, unknown}
 x - 2 scrolls of enchant armour {!r, unknown}
Potions
 e - a potion of ambrosia {!q, unknown}
 g - 2 potions of cancellation {!q, unknown}
 h - a potion of degeneration {!q, unknown}
 i - a potion of magic {!q, unknown}
 l - 2 potions of heal wounds {!q, unknown}
 r - 3 potions of curing {!q}
 t - a potion of resistance {!q, unknown}
 w - 2 potions of agility {!q, unknown}
 z - a potion of brilliance {!q, unknown}
Comestibles
 f - 6 rations


   Skills:
 - Level 1.5 Fighting
 * Level 5.5 Short Blades
 - Level 2.0 Throwing
 - Level 4.4 Dodging
 + Level 5.4 Stealth


You had 4 spell levels left.
You didn't know any spells.

Dungeon Overview and Level Annotations

Branches:
Dungeon (6/15)             Temple (1/1) D:4

Altars:
Ashenzari
Elyvilon
Fedhas
Hepliaklqana
Kikubaaqudgha
Makhleb
Nemelex Xobeh
Ru
Sif Muna
Trog
Uskayaw
Vehumet
Wu Jian
Xom
Yredelemnul
Zin
The Shining One

Shops:
D:4 (


Innate Abilities, Weirdness & Mutations

You are very small and have problems with some larger weapons.
You are too small for most types of armour.
You have supernaturally acute eyesight. (SInv)
You are a herbivore.
You cover ground extremely quickly.
You need to consume almost no food.


Message History

HP restored.
Things that are here:
a scale mail; a hand axe; a leather armour
There is an open door here.
There is an open door here.
You miss the butterfly.
There is a stone staircase leading down here.
You climb downwards.
Found 12 bolts.
There is a stone staircase leading up here.
Found a stone staircase leading down.
You now have 164 gold pieces (gained 16).
A ball python comes into view.
The helpless ball python fails to defend itself.
You impale the ball python!!
You kill the ball python!
The adder is too close now for your liking.
An adder is nearby!
There is a stone staircase leading down here.
You climb downwards. 3 gnolls come into view.
The gnoll shouts! x3
Found a fuming grey potion, a scroll labeled FAUSUC AP ZUTT and 31 arrows.
Found a stone staircase leading up and a stone staircase leading down.
There is a stone staircase leading up here.
A crimson imp comes into view.
A worker ant comes into view.
Found a stone staircase leading up.
There are no items here.
The crimson imp shouts!
You see here a scroll labeled FAUSUC AP ZUTT {!r}.
x - 2 scrolls labeled FAUSUC AP ZUTT {!r} (gained 1)
The crimson imp blinks!
The crimson imp misses you.
Found a scroll labeled WIPSOW LIGI.
There is a stone staircase leading up here.
You climb upwards.
A worker ant comes into view.
There is a stone staircase leading down here.
The helpless worker ant fails to defend itself.
You perforate the worker ant like a sieve!!!
You kill the worker ant!
A worker ant comes into view.
A worker ant is nearby!
An orc comes into view. It is wielding a dagger.
The helpless worker ant fails to defend itself.
You impale the worker ant!!
You kill the worker ant!
The orc moves out of view.
You open the door.
Found 16 gold pieces.
There is an open door here.
You now have 180 gold pieces (gained 16).
The centaur shouts!
The centaur shoots an arrow.
The arrow closely misses you.
You see here an arrow.
The centaur shoots an arrow.
The arrow completely misses you.
You see here an arrow.
Found a stone staircase leading down.
There is a stone staircase leading down here.
The centaur shoots an arrow.
The arrow hits you!
The centaur shoots an arrow.
The arrow hits you!
Ouch! That really hurt!
You die...

....# #o# ....#
#.#. ....######o#.
# ...(...o.†(#.###
.##
############...#
...# . .........#
#..## ...
..........###....#
...
...........#......#
................@#
.........c.....###
..............(#
..............#
.............#
#.........#
#.........#
#....(....#
#.........#


You could see a centaur.

Vanquished Creatures
  A bullfrog skeleton (D:4)
  A hound (D:5)
  An iguana (D:5)
  2 worker ants (D:5)
  2 adders (D:4)
  2 oozes (D:3)
  A dart slug (D:1)
  A leopard gecko (D:4)
  5 orcs
  4 bats
  A giant cockroach (D:2)
  3 goblins
  3 hobgoblins (D:3)
  A quokka (D:3)
  A ball python (D:5)
  A frilled lizard (D:3)
  A kobold (D:3)
  2 rats (D:3)
33 creatures vanquished.

Notes
Turn   | Place    | Note
-------+----------+-------------------------------------------
     0 | D:1      | Amnesiac the Spriggan Gladiator began the quest for the Orb.
     0 | D:1      | Reached XP level 1. HP: 10/10 MP: 2/2
    25 | D:1      | Reached skill level 1 in Stealth
   122 | D:3      | Reached XP level 2. HP: 14/14 MP: 3/3
   813 | D:4      | Reached XP level 3. HP: 4/18 MP: 4/4
  1124 | D:4      | Found the +8 glaive of the Guard {elec, +Rage AC+5 SInv}
  1158 | D:4      | Found a staircase to the Ecumenical Temple.
  1165 | D:4      | Found Cecool's Weapon Shoppe.
  1167 | Temple   | Entered the Ecumenical Temple
  1258 | D:4      | Reached XP level 4. HP: 19/22 MP: 5/5
  1371 | D:3      | Found a faded altar of an unknown god.
  1594 | D:2      | Found a shattered altar of Ashenzari.
  2302 | D:4      | Noticed an ogre
  2575 | D:4      | Found a radiant altar of Vehumet.
  2628 | D:5      | Entered Level 5 of the Dungeon
  2671 | D:5      | Noticed a centaur
  2682 | D:5      | Reached skill level 5 in Short Blades
  2682 | D:5      | Reached skill level 5 in Stealth
  2682 | D:5      | Reached XP level 5. HP: 3/25 MP: 6/6
  3114 | D:5      | Shot with an arrow by a centaur

Vault maps used:
D:1:      lemuel_arrival_cross
D:2:      lemuel_doored_altar, first_ration, uniq_jessica
D:3:      chequers_ecumenical_altar_simple
D:4:      nicolae_overflow_crystal_walls, minmay_temple_entry_butterflies,
          serial_shops, shop
D:5:      uniq_crazy_yiuf_cottage
D:6:      basic_altar, hangedman_abyss_or_decor_lesser_grid, uniq_menkaure
Temple:   eino_wide_crystal_templ

Skill      XL: |  1  2  3  4 |
---------------+-------------+-----
Stealth        | 2 4 5 |  5.4
Short Blades   | 4 5 |  5.5
Fighting       | |  1.5
Throwing       | |  2.0
Dodging        | |  4.4

Action                   |  1- 3 |  4- 6 || total
-------------------------+-------+-------++-------
Melee: Rapier            |    44 |    54 ||    98
Throw: Throwing net      |       |     3 ||     3
  Use: Potion            |       |     1 ||     1
 Stab: Sleeping          |     5 |     8 ||    13
       Held in net/web   |       |     1 ||     1
Armor: Robe              |     1 |    15 ||    16
Dodge: Dodged            |    30 |   166 ||   196

Table legend:
 A = Spawn XP
 B = Non-spawn XP
 C = Spawn XP percentage of total XP
 D = Spawn monster count
 E = Non-spawn monster count
 F = Spawn count percentage of total count
 G = Total turns spent on level
                    A         B        C        D         E        F      G
               +---------+---------+-------+---------+---------+-------+---------
         Total |       0 |     278 |   0.0 |       0 |      33 |   0.0 |  3114
               +---------+---------+-------+---------+---------+-------+---------
           D:1 |       0 |       8 |   0.0 |       0 |       3 |   0.0 |    88
           D:2 |       0 |       4 |   0.0 |       0 |       2 |   0.0 |   295
           D:3 |       0 |      36 |   0.0 |       0 |      15 |   0.0 |  1401
           D:4 |       0 |      84 |   0.0 |       0 |       8 |   0.0 |  1074
           D:5 |       0 |     146 |   0.0 |       0 |       5 |   0.0 |   174
               +---------+---------+-------+---------+---------+-------+---------
